 Dungeon Crawl Stone Soup version 0.20-a0-449-g96be121 (webtiles) character file.

1573 Gorice the Fighter (level 8, -3/69 HPs)
             Began as a Barachian Arcane Marksman on Jan 7, 2017.
             Shot with an arrow by a centaur (8 damage)
             ... on level 6 of the Dungeon.
             The game lasted 00:43:06 (8342 turns).

Gorice the Fighter (Barachian Arcane Marksman)      Turns: 8342, Time: 00:43:07

Health: -3/69      AC:  7    Str: 11    XL:     8   Next: 90%
Magic:  9/9        EV: 10    Int: 11    God:
Gold:   178        SH:  0    Dex: 11    Spells: 8/9 levels left

rFire  . . .     SeeInvis .     b - +1 hunting sling
rCold  . . .     Gourm    .     n - +0 ring mail
rNeg   . . .     Faith    .     (no shield)
rPois  .         Spirit   .     (no helmet)
rElec  .         Reflect  .     i - +1 cloak
rCorr  .         Harm     .     (no gloves)
MR     .....                    (no boots)
Stlth  +.........               (no amulet)
                                (no ring)
                                (no ring)

@: slow
A: swims, slowness 1, strong legs 1
a: Hop


You were on level 6 of the Dungeon.
You were not hungry.

You visited 1 branch of the dungeon, and saw 6 of its levels.
You also visited: Ossuary.

You collected 178 gold pieces.

Inventory:

Hand Weapons
 a - a +1 dagger of venom
   (You took it off an orc wizard on level 6 of the Dungeon)
 b - a +1 hunting sling (weapon)
 g - a +0 long sword
 t - a +0 flail
 y - a +1 dire flail of protection
   (You took it off Edmund on level 5 of the Dungeon)
 B - a +0 short sword
 D - a +2 short sword of freezing
   (You took it off Terence on level 3 of the Dungeon)
 K - a +0 whip of venom
   (You took it off a kobold on level 2 of the Dungeon)
Missiles
 d - 24 sling bullets (quivered)
 k - 6 javelins of returning
 r - 4 javelins
 x - 7 tomahawks
 A - 23 poisoned needles
 Y - a throwing net
 Z - 124 stones
Armour
 e - a +0 robe
 i - a +1 cloak (worn)
 n - a +0 ring mail (worn)
 L - the +4 skin of Zhor {rC+++}
   (You took it off a kobold on level 6 of the Dungeon)

   It renders you almost immune to cold.
Wands
 J - a wand of polymorph (13/24)
Scrolls
 l - a scroll of noise {!r}
 v - a scroll of teleportation {!r}
 C - 2 scrolls of magic mapping {!r}
 F - a scroll of amnesia
 G - 2 scrolls of enchant weapon
Potions
 h - 2 potions of invisibility {!q}
 j - 2 potions of agility {unknown}
 m - a potion of mutation {unknown}
 o - a potion of magic {unknown}
 p - a potion of heal wounds {!q}
 q - 2 potions of haste {unknown}
 u - a potion of cure mutation {unknown}
 z - 4 potions of curing
 E - a potion of flight {unknown}
 H - 2 potions of resistance {unknown}
 I - a potion of cancellation {unknown}
Books
 c - a book of Debilitation
Comestibles
 f - 2 bread rations {!e}
 s - 3 fruits
 w - 2 meat rations {!e}


   Skills:
 + Level 8.4 Fighting
 + Level 2.9 Long Blades
 - Level 6.7 Slings
 - Level 2.0 Dodging
 - Level 1.0 Spellcasting
 - Level 3.0 Hexes


You had 8 spell levels left.
You knew the following spells:

 Your Spells              Type           Power        Failure   Level  Hunger
a - Corona                Hex            #......      24%         1    ##.....


Dungeon Overview and Level Annotations

Branches:
Dungeon (6/15)
 Temple: D:4-7

Altars:
Dithmenos
Fedhas
Gozag
Makhleb
Nemelex Xobeh
Qazlal
The Shining One


Innate Abilities, Weirdness & Mutations

You can swim through water.
You cover ground slowly.
You can hop short distances.


Message History

The ogre shouts!
You see here a sling bullet.
Firing (i - inventory. (,) - cycle):
d - 26 sling bullets (quivered)
Press: ? - help, Shift-Dir - straight line, f - ogre
Aim: an ogre, wielding a giant spiked club You shoot a sling bullet.
The sling bullet hits the ogre but does no damage.
Firing (i - inventory. (,) - cycle):
d - 25 sling bullets (quivered)
Press: ? - help, Shift-Dir - straight line, f/p - ogre
Aim: an ogre, wielding a giant spiked club You shoot a sling bullet.
The orc priest shouts!
The sling bullet hits the ogre.
The ogre is lightly wounded.
You hear a shout!
A centaur comes into view.
You see here a sling bullet.
The orc warrior shouts!
The centaur shouts!
There is an open door, spattered with blood here.
Things that are here:
a club; a kobold corpse
Things that are here:
a spear; a gnoll skeleton
Things that are here:
a dagger; a kobold skeleton You see here a short sword.
The centaur wields a shortbow.
The centaur shoots an arrow.
The arrow hits you!
There is an open gate, spattered with blood here.
Things that are here:
an arrow; a club; a hobgoblin skeleton; Damage: 7 (max 7)
You see here a spear.
The centaur shoots an arrow.
The arrow hits you.
You see here an arrow.
Damage: 6 (max 7)
The centaur wields a shortbow.
The centaur shoots an arrow.
The arrow hits you.
The ogre hits you with a giant spiked club!!
* * * LOW HITPOINT WARNING * * *
You see here an arrow.
Damage: 35 (max 35)
The centaur shoots an arrow.
The arrow barely misses you.
The centaur shoots an arrow.
The arrow barely misses you.
The centaur shoots an arrow.
The arrow hits you!
* * * LOW HITPOINT WARNING * * *
You see here an arrow.
The centaur shoots an arrow.
The arrow barely misses you.
The centaur shoots an arrow.
The arrow hits you.
* * * LOW HITPOINT WARNING * * *
You see here an arrow.
The centaur shoots an arrow.
The arrow hits you!
You die...

......##.......#..PPPP#g...
...............#...♣P♣#.$$.#..#
......##.......##.PP♣♣ .#g.#
..<##.##........#..♣P♣ #co#
...##.##........#.)PP♣# #..#
..###.#########.......######.o#
.)###.#####..((.......'o...#..#
...<.....##......[.c..'.>..#o.#
#.)#####.##.#...@(O(()o))).)((#
#..#####.##.....(.c..♣######''#
#...)........#.#...PPPPP# ....#
##.#####.##.........♣PP♣#.....#
#.......#########.PPPP♣#.....#
######### #...♣P♣#######
#...PPP♣♣♣P..# #.....♣PPPP..#
##.....P♣P♣..#


You could see an orc warrior, an ogre, 2 centaurs and an orc priest.

Vanquished Creatures
  Edmund (D:5)
  Duvessa (D:5)
  A water moccasin (D:2)
  A centaur (D:5)
  A bullfrog (D:5)
  2 water moccasin zombies (Ossuary)
  Dowan (D:5)
  A scorpion (D:3)
  A quasit (D:5)
  A bullfrog zombie (D:5)
  2 hounds
  A gnoll shaman (D:6)
  2 orc priests
  7 orc wizards
  Terence (D:3)
  A worker ant (D:4)
  3 big kobold zombies (Ossuary)
  A hound skeleton (D:4)
  2 mummies (Ossuary)
  12 gnolls
  8 adders
  A shadow imp (D:5)
  4 adder zombies
  5 worms
  4 dart slugs
  2 leopard geckos
  13 orcs
  8 bats
  6 giant cockroaches
  4 gnoll zombies (Ossuary)
  6 goblins
  11 hobgoblins
  14 jackals
  2 quokkas
  A ball python skeleton (D:5)
  6 frilled lizards
  3 hobgoblin zombies (Ossuary)
  21 kobolds
  8 kobold zombies (Ossuary)
  4 orc zombies (Ossuary)
  6 rats
180 creatures vanquished.

Notes
Turn   | Place    | Note
-------+----------+-------------------------------------------
     0 | D:1      | Gorice the Barachian Arcane Marksman began the quest for the Orb.
     0 | D:1      | Reached XP level 1. HP: 15/15 MP: 2/2
    42 | D:1      | Reached skill level 2 in Slings
    91 | D:1      | Reached XP level 2. HP: 22/22 MP: 0/3
   333 | D:1      | Reached skill level 2 in Fighting
   505 | D:1      | Reached XP level 3. HP: 23/27 MP: 4/4
   964 | D:2      | Reached skill level 3 in Fighting
   964 | D:2      | Reached XP level 4. HP: 20/35 MP: 5/5
   972 | D:2      | Reached skill level 3 in Slings
  1573 | D:2      | Reached XP level 5. HP: 41/41 MP: 6/6
  1939 | D:3      | Noticed Terence
  1939 | D:3      | Noticed a water moccasin
  2217 | D:2      | Killed a water moccasin
  2217 | D:2      | Reached skill level 4 in Fighting
  2217 | D:2      | Reached skill level 4 in Slings
  2217 | D:2      | Reached XP level 6. HP: 22/49 MP: 5/7
  2742 | D:3      | Found a burning altar of Makhleb.
  2787 | D:3      | Reached skill level 5 in Fighting
  2939 | D:3      | Killed Terence
  3169 | D:3      | Found a blossoming altar of Fedhas.
  3695 | D:4      | Reached XP level 7. HP: 56/56 MP: 8/8
  3750 | D:4      | Reached skill level 5 in Slings
  4138 | D:5      | Entered Level 5 of the Dungeon
  4165 | D:5      | Reached skill level 6 in Fighting
  4194 | D:5      | Noticed Dowan
  4195 | D:5      | Noticed Duvessa
  4212 | D:5      | HP: 14/58 [Duvessa/rapier (8)]
  4218 | D:5      | HP: 16/58 [Duvessa/rapier (2)]
  4418 | D:5      | Found a sand-covered staircase.
  4424 | Ossuary  | Entered an ossuary
  4501 | Ossuary  | HP: 17/58 [water moccasin zombie (5)]
  4506 | Ossuary  | HP: 11/58 [water moccasin zombie (2)]
  4515 | Ossuary  | HP: 10/58 [water moccasin zombie (2)]
  5533 | D:5      | Reached XP level 8. HP: 64/65 MP: 9/9
  5815 | D:5      | Found a stormy altar of Qazlal.
  5828 | D:5      | Reached skill level 6 in Slings
  6157 | D:5      | Noticed Edmund
  6178 | D:5      | HP: 14/65 [Edmund/dire flail of protection (11)]
  6185 | D:5      | Killed Edmund
  6185 | D:5      | Reached skill level 7 in Fighting
  6569 | D:5      | Found a glowing golden altar of the Shining One.
  6613 | D:5      | HP: 19/67 [centaur (3)]
  6846 | D:5      | HP: 19/67 [Dowan/puff of frost (2)]
  6849 | D:5      | HP: 7/67 [Duvessa/rapier (11)]
  6857 | D:5      | Killed Dowan
  6857 | D:5      | HP: 9/67 [Duvessa/rapier (4)]
  6860 | D:5      | HP: 4/67 [Duvessa/rapier (2)]
  6862 | D:5      | Killed Duvessa
  7250 | D:5      | Reached skill level 1 in Long Blades
  7358 | D:5      | Found an opulent altar of Gozag.
  7519 | D:5      | Found a shadowy altar of Dithmenos.
  7568 | D:5      | Reached skill level 8 in Fighting
  7610 | D:6      | Found a sparkling altar of Nemelex Xobeh.
  7641 | D:6      | Reached skill level 2 in Long Blades
  8340 | D:6      | HP: 10/69 [centaur/arrow (12)]
  8342 | D:6      | Shot with an arrow by a centaur

Vault maps used:
D:1:      minmay_arrival_glassed_features, dk_noncrumbling_4
D:2:      first_bread
D:3:      fedhas_altar_1, lemuel_doored_altar, roderic_three_in_a_row,
          uniq_terence
D:5:      tso_oasis_becter, marbit_many_paths, lemuel_coloured_pillars_altar,
          kennysheep_little_box, nicolae_ossuary_entry_plus,
          minmay_misc_feat_secret_circle, uniq_duvessa, uniq_edmund
D:6:      kennysheep_housing_project, lemuel_round_altar,
          nemelex_xobeh_ov_fountains_minmay, basic_altar
Ossuary:  ossuary_tomb_2

Skill      XL: |  1  2  3  4  5  6  7  8 |
---------------+-------------------------+-----
Slings         | 2 3 4 5 6 |  6.7
Fighting       | 2 3 4 5 6 8 |  8.4
Long Blades    | 2 |  2.9
Dodging        | |  2.0
Spellcasting   | |  1.0
Hexes          | |  3.0

Action                   |  1- 3 |  4- 6 |  7- 9 || total
-------------------------+-------+-------+-------++-------
Melee: Short sword       |     6 |       |    10 ||    16
       Long sword        |       |    18 |       ||    18
       Whip              |       |    51 |   123 ||   174
       Dagger            |       |       |    44 ||    44
 Fire: Hunting sling     |   111 |   208 |   356 ||   675
Throw: Javelin           |       |       |     2 ||     2
 Cast: Corona            |     2 |     5 |     6 ||    13
 Abil: Hop               |       |       |     2 ||     2
  Use: Scroll            |       |    13 |     2 ||    15
       Potion            |       |     1 |     5 ||     6
  Eat: Chunk             |     1 |     9 |     6 ||    16
       Meat ration       |       |       |     2 ||     2
       Pizza             |       |       |     1 ||     1
Armor: Robe              |    12 |       |       ||    12
       Ring mail         |    10 |    58 |   189 ||   257
Dodge: Dodged            |    35 |    89 |   222 ||   346
       Rpst.: Long sword |       |     4 |       ||     4

Table legend:
 A = Turns spent in this place as a percentage of turns spent in the entire game.
 B = Non-inter-level travel turns spent in this place as a percentage of non-inter-level travel turns spent in the entire game.
 C = Inter-level travel turns spent in this place as a percentage of turns spent in this place.
 D = Turns resting spent in this place as a percentage of non-inter-level travel turns spent in this place.
 E = Turns spent auto-exploring this place as a percentage of non-inter-level travel turns spent in this place.
 F = Non-inter-level travel turns spent in this place divided by the number of levels of this place that you've seen.
                   A       B       C       D       E      F
               +-------+-------+-------+-------+-------+----------------------
         Total | 100.0 | 100.0 |   0.5 |   2.2 |   4.3 | 406.7
       Dungeon |  85.9 |  85.9 |   0.5 |   2.1 |   4.9 | 407.5
       Ossuary |  14.1 |  14.1 |   0.0 |   2.7 |   0.0 | 402.0
               +-------+-------+-------+-------+-------+----------------------

Vault maps used:
D:1:      minmay_arrival_glassed_features, dk_noncrumbling_4
D:2:      first_bread
D:3:      fedhas_altar_1, lemuel_doored_altar, roderic_three_in_a_row,
          uniq_terence
D:5:      tso_oasis_becter, marbit_many_paths, lemuel_coloured_pillars_altar,
          kennysheep_little_box, nicolae_ossuary_entry_plus,
          minmay_misc_feat_secret_circle, uniq_duvessa, uniq_edmund
D:6:      kennysheep_housing_project, lemuel_round_altar,
          nemelex_xobeh_ov_fountains_minmay, basic_altar
Ossuary:  ossuary_tomb_2
